 Dungeon Sprint DCSS version 0.32-a0-928-g1cae6b7ea0 (webtiles) character file.

Game seed: 17105180787364469864

298 Griffin23 the Fencer (level 8, -7/126 HPs)
             Began as a Minotaur Berserker on Apr 12, 2024.
             Was a High Priest of Trog.
             Mangled by Aizul (17 damage)
             ... in the Dungeon (Sprint VI: "Thunderdome").
             The game lasted 00:09:53 (615 turns).

Griffin23 the Fencer (Minotaur Berserker)            Turns: 615, Time: 00:09:53

Health: -7/126     AC:  9    Str: 25    XL:     8   Next: 75%
Magic:  2/2        EV:  9    Int:  4    God:    Trog [*****.]
Gold:   600        SH:  0    Dex:  9    Spells: 7/7 levels left

rFire   . . .        o - +0 triple sword (antimagic)
rCold   . . .        (shield currently unavailable)
rNeg    . . .        n - +0 scale mail
rPois   .            (helmet restricted)
rElec   .            (no cloak)
rCorr   .            (no gloves)
SInv    .            (no boots)
Will    .....        (no amulet) Stlth
                     (no ring)
HPRegen 0.41/turn    (no ring)
MPRegen 0.08/turn

%: no teleportation
@: berserking, lethally poisoned (-7 -> -47), very quick
A: horns 2, retaliatory headbutt
a: Renounce Religion, Berserk, Trog's Hand, Brothers in Arms


You were in the Dungeon.
You worshipped Trog.
Trog was extremely pleased with you.
You visited 1 branch You collected 600 gold pieces.

Inventory:

Hand Weapons
 a - a +0 falchion
 m - the +7 Throatcutter {drain, coup de grace}
   (You took it off Terence in the Dungeon)
 o - a +0 antimagic triple sword (weapon)
Armour
 b - a +0 animal skin
 n - a +0 scale mail (worn)
Wands
 j - a wand of acid (4)
 k - a wand of roots (4)
Scrolls
 h - 4 scrolls of blinking
 l - 3 scrolls of fog
Potions
 c - a potion of curing
 d - 2 potions of heal wounds
 e - 4 potions of haste
 f - 2 potions of magic
 g - a potion of berserk rage
 i - a potion of resistance


   Skills:
 + Level 12.3 Fighting
 * Level 16.6 Long Blades
 + Level 12.0 Armour
 - Level 2.1 Dodging


You had 7 spell levels left.
You didn't know any spells.
Your spell library was empty.

Dungeon Overview and Level Annotations

Branches:
Dungeon (1/1)

Altars:
Cheibriados
Dithmenos
Fedhas
Gozag
Kikubaaqudgha
Makhleb
Okawaru
Qazlal
Ru
Sif Muna
Trog
Uskayaw
Vehumet
Wu Jian
Xom
Yredelemnul
Zin
The Shining One
Beogh
Lugonu

Shops:
D *[=??*?*:[((!!!!

Annotations:
D Aizul


Innate Abilities, Weirdness & Mutations

You have a pair of horns on your head.
You reflexively headbutt those who attack you in melee.


Message History

Get ready!
You start resting.
ROUND 5!
BOSS ROUND!
Aizul the Neglectful Guardian comes into view.
Aizul shouts!
Items here: ))) [ ††.
You see here a +0 mace.
A red film seems to cover your vision as you go berserk!
You feel yourself moving faster!
You feel mighty!
You slash Aizul!
Aizul's magic leaks into the air.
You headbutt Aizul, but do no damage.
Aizul is lightly wounded.
Aizul's magic is no longer disrupted.
Aizul casts a spell at you. The bolt of poison hits you!!
You are poisoned.
You are too injured to fight recklessly!
You are too injured to fight recklessly!
You completely miss Aizul.
Aizul is lightly wounded.
You feel very sick.
Aizul coils herself and waves her upper body at you.
The bolt of poison hits you!
You are more poisoned.
* * * LOW HITPOINT WARNING * * *
You miss Aizul.
Aizul is lightly wounded.
* * * LOW HITPOINT WARNING * * *
You feel very sick.
Aizul coils herself and waves her upper body at you.
The bolt of poison hits you!
You are lethally poisoned!
* * * LOW HITPOINT WARNING * * *
You are too berserk!
You miss Aizul.
Aizul is lightly wounded.
* * * LOW HITPOINT WARNING * * *
You feel very sick. Aizul hits you!
You die...

###.........### #⌠...........⌠#
######.ß.........ß.######
##∩___(.....###......_..∩##
###∩........ß.# #÷ß........∩###
##...........[.###.............##
#⌠.....)....###[..###..........⌠#
#⌠..........# #÷<.# #..........⌠#
#⌠..........###S@)###..........⌠#
##.......).....###[†...........##
###∩........ß.# #.ß........∩###
##∩__.......###......___∩##
######.ß.........ß.######
#§S..........⌠# ###.........###
#_......._# #_......._#


You could see Aizul.

Vanquished Creatures
  A death yak (D)
  An orc knight (D)
  A dream sheep (D)
  Sigmund (D)
  An orc warrior (D)
  3 orc priests (D)
  2 jellies (D)
  Terence (D)
  2 orc wizards (D)
  2 hell rats (D)
  2 river rats (D)
  4 endoplasms (D)
  A goblin (D)
  2 kobolds (D)
24 creatures vanquished.

Notes
Turn   | Place    | Note
-------+----------+-------------------------------------------
     0 | D        | Griffin23 the Minotaur Berserker began the quest for the
                  | Orb.
     0 | D        | Reached XP level 1. HP: 19/19 MP: 0/0
     4 | D        | Found a glowing golden altar of the Shining One.
     4 | D        | Found a roughly hewn altar of Beogh.
     5 | D        | Found an ornate altar of the Wu Jian Council.
     5 | D        | Round 1.
     6 | D        | Found a shadowy altar of Dithmenos.
     6 | D        | Found a corrupted altar of Lugonu.
     7 | D        | Found a shimmering altar of Xom.
     7 | D        | Found an opulent altar of Gozag.
     7 | D        | Found Ymuontau's Staff Store.
     7 | D        | Found Kaacvae's Magic Scroll Shop.
     8 | D        | Found Ceomiypn's Must-Have Magic.
     8 | D        | Found Kouruum's Magic Scroll Shop.
    16 | D        | Found a burning altar of Makhleb.
    18 | D        | Found a blossoming altar of Fedhas.
    19 | D        | Found an iron altar of Okawaru.
    20 | D        | Found Zoghuqoz's Timeless Talismans.
    20 | D        | Found a radiant altar of Vehumet.
    20 | D        | Found a sacrificial altar of Ru.
    20 | D        | Found Wyrph's Identification Station.
    21 | D        | Found Zedgh's Jewellery.
    21 | D        | Found Amaonge's Advanced Armour.
    36 | D        | Reached skill level 4 in Long Blades
    70 | D        | Found a basalt altar of Yredelemnul.
    71 | D        | Found a shimmering blue altar of Sif Muna.
    73 | D        | Found a stormy altar of Qazlal.
    74 | D        | Found Puosu's Premium Goods.
    76 | D        | Found a glowing silver altar of Zin.
    76 | D        | Found a hide-covered altar of Uskayaw.
    76 | D        | Found Xyhi's Weapon Rack.
    77 | D        | Found Fucvytz's Miscellaneous Merchandise.
    77 | D        | Found Itokenon's Basic Armour.
    81 | D        | Found a bloodstained altar of Trog.
    83 | D        | Found an ancient bone altar of Kikubaaqudgha.
    85 | D        | Found a snail-covered altar of Cheibriados.
    87 | D        | Found Fotaph's Do-It-Yourself Clinic.
    88 | D        | Found Naulynekh's Bottled Wisdom.
    88 | D        | Found Caiq Ask's Distillery.
    89 | D        | Found Gust's Distillery.
   117 | D        | Reached ** piety under Trog
   117 | D        | Noticed Terence
   118 | D        | Noticed Sigmund
   136 | D        | Killed Terence
   137 | D        | Reached skill level 5 in Fighting
   137 | D        | Reached skill level 6 in Long Blades
   137 | D        | Reached XP level 2. HP: 4/29 MP: 1/1
   137 | D        | Reached XP level 3. HP: 5/36 MP: 2/2
   139 | D        | Killed Sigmund
   139 | D        | Arena points: 12 (+12) [x2]
   140 | D        | Reached skill level 10 in Long Blades
   140 | D        | Reached XP level 4. HP: 7/47 MP: 3/3
   140 | D        | Reached XP level 5. HP: 8/52 MP: 4/4
   174 | D        | Round 2.
   202 | D        | Reached *** piety under Trog
   327 | D        | Reached **** piety under Trog
   327 | D        | Arena points: 54 (+42) [x3]
   364 | D        | Round 3.
   366 | D        | Noticed a dream sheep
   373 | D        | Killed a dream sheep
   374 | D        | Reached skill level 12 in Long Blades
   374 | D        | Reached XP level 6. HP: 63/63 MP: 5/5
   475 | D        | Noticed a death yak
   485 | D        | Killed a death yak
   486 | D        | Reached skill level 15 in Long Blades
   486 | D        | Reached skill level 10 in Armour
   486 | D        | Reached XP level 7. HP: 74/74 MP: 6/6
   486 | D        | Reached XP level 8. HP: 82/82 MP: 7/7
   488 | D        | Reached ***** piety under Trog
   488 | D        | Arena points: 138 (+84) [x4]
   541 | D        | Round 4.
   541 | D        | Noticed an orc knight
   551 | D        | Killed an orc knight
   551 | D        | Received a gift from Trog
   552 | D        | Reached skill level 16 in Long Blades
   582 | D        | Arena points: 298 (+160) [x5]
   606 | D        | Round 5.
   606 | D        | Identified the serpent talisman "Koetophiac" {rC- rN++
                  | Dex-2 SInv}
   606 | D        | Noticed Aizul
   615 | D        | Mangled by Aizul

Illustrated notes

Levels and vault maps discovered:
D:        arena_sprint

Skill      XL: |  1  2  3  4  5  6  7  8 |
---------------+-------------------------+-----
Long Blades    | 6 10 12 15 16 | 16.6
Fighting       | 5 7 9 11 12 | 12.3
Armour         | 4 7 8 10 12 | 12.0
Dodging        | |  2.1

Action                     |  1- 3 |  4- 6 |  7- 9 || total
---------------------------+-------+-------+-------++-------
  Melee: Falchion          |    13 |       |       ||    13
         Headbutt          |     1 |     5 |     5 ||    11
         Long sword        |       |    19 |     8 ||    27
         Triple sword      |       |       |    14 ||    14
 Invoke: Berserk           |     1 |     2 |     2 ||     5
  Evoke: Wand              |       |       |     2 ||     2
    Use: Potion            |       |     1 |     1 ||     2
 Armour: Animal skin       |     7 |     1 |       ||     8
         Scale mail        |       |     6 |    30 ||    36
  Dodge: Dodged            |     7 |     4 |    18 ||    29

Table legend: (Time is in decaauts)
 A = Elapsed time spent in this place.
 B = Non-inter-level travel time spent in this place.
 C = Inter-level travel time spent in this place.
 D = Time resting spent in this place.
 E = Time spent auto-exploring this place.
 F = Levels seen in this place.
 G = Mean time per level.
                   A        B        C        D        E       F      G
               +--------+--------+--------+--------+--------+-----+--------+
         Total |    645 |    645 |      0 |    222 |    104 |   1 |  645.0 |
       Dungeon |    645 |    645 |      0 |    222 |    104 |   1 |  645.0 |
               +--------+--------+--------+--------+--------+-----+--------+

Top non-repeatable levels by time:
       D: 645 daAuts
